 Dungeon Crawl Stone Soup version 0.26.1-11-gd32895ea62 (webtiles) character file.

Game seed: 7855816393116431695

74 tizbic2 the Stinger (level 3, 0/26 HPs)
             Began as a Demigod Venom Mage on June 27, 2021.
             Succumbed to an adder's poison
             ... on level 2 of the Dungeon.
             The game lasted 00:09:09 (1776 turns).

tizbic2 the Stinger (Demigod Venom Mage)            Turns: 1776, Time: 00:09:09

Health: 0/26       AC:  6    Str: 13    XL:     3   Next: 85%
Magic:  8/8        EV: 10    Int: 25    God:
Gold:   36         SH:  4    Dex: 16    Spells: 5/6 levels left

rFire    . . .     SeeInvis .   i - +1 club
rCold    . . .     Faith    .   k - +0 buckler
rNeg     . . .     Spirit   .   a - +0 ring mail
rPois    .         Reflect  .   (no helmet)
rElec    .         Harm     .   e - +0 cloak
rCorr    .         Rampage  .   (no gloves)
Will     .....                  (no boots)
Stlth    ..........             (no amulet)
HPRegen  0.08/turn              b - ring of attention (curse)
MPRegen  0.11/turn              h - +6 ring of intelligence

@: lethally poisoned (0 -> -3), very slightly contaminated, invisible
A: high mp 1
a: no special abilities


You were on level 2 of the Dungeon.
You visited 1 branch of the dungeon, and saw 2 of its levels.

You collected 36 gold pieces.

Inventory:

Hand Weapons
 i - a +1 club (weapon)
Armour
 a - a +0 ring mail (worn)
 c - a +0 scale mail
 e - a +0 cloak (worn)
 k - a +0 buckler (worn)
Jewellery
 b - a cursed ring of attention (left hand)
 h - a +6 ring of intelligence (right hand)
Scrolls
 f - a scroll of identify
 g - 2 scrolls of remove curse
 j - a scroll of magic mapping


   Skills:
 + Level 0.1 Short Blades
 + Level 0.8 Maces & Flails
 * Level 1.5 Armour
 + Level 2.0 Dodging
 - Level 1.7 Stealth
 + Level 0.2 Shields
 + Level 2.1 Spellcasting
 + Level 1.4 Transmutations
 + Level 3.1 Poison Magic


You had 5 spell levels left.
You knew the following spells:

 Your Spells              Type           Power        Failure   Level
a - Sting                 Tmut/Pois      56%          14%         1

Your spell library contained the following spells:

 Spells                   Type           Power        Failure   Level
 Poisonous Vapours        Pois/Air       20%          30%         2
 Ignite Poison            Fire/Tmut/Pois 10%          52%         3
 Mephitic Cloud           Conj/Pois/Air  7%           58%         3
 Olgreb's Toxic Radiance  Pois           18%          71%         4


Dungeon Overview and Level Annotations

Branches:
Dungeon (2/15)


Innate Abilities, Weirdness & Mutations

You have an increased reservoir of magic. (+10% MP)


Message History

* * * LOW HITPOINT WARNING * * *
You feel sick.
* * * LOW HITPOINT WARNING * * *
You feel sick.
* * * LOW HITPOINT WARNING * * *
You feel sick.
* * * LOW HITPOINT WARNING * * *
You feel sick.
* * * LOW HITPOINT WARNING * * *
You feel sick.
It was a potion of invisibility.
You fade into invisibility!
You are very lightly contaminated with residual magic.
* * * LOW HITPOINT WARNING * * *
You feel sick.
* * * LOW HITPOINT WARNING * * *
You feel sick.
* * * LOW HITPOINT WARNING * * *
You feel sick.
You die...

#.# #.# #.#######.#
#.>.......#** ##*
#.########**, *#.#*
#.# *, **,#.#* #####
#.# *,
##,**#.####...# #.#
******, #.#*
##.......###.##
*,,,,,,
*#.###.####.@.##...##
*,****, *#.#.##
##)##.....###.# *,
*#.## #............#
** #.# ######.#######
*#.#* #.# **** *...*
#.# #.,, *...* *#+#*
#.** #...# **,,,**
#.*# ##.##**
**,,,,,** #.##


There were no monsters in sight!

Vanquished Creatures
  2 adders (D:2)
  A worm (D:2)
  A dart slug (D:2)
  A leopard gecko (D:1)
  9 bats
  3 giant cockroaches
  4 goblins
  6 hobgoblins
  2 jackals (D:2)
  7 kobolds
  6 frilled lizards
  7 rats
49 creatures vanquished.

Notes
Turn   | Place    | Note
-------+----------+-------------------------------------------
     0 | D:1      | tizbic2 the Demigod Venom Mage began the quest for the Orb.
     0 | D:1      | Reached XP level 1. HP: 14/14 MP: 5/5
   454 | D:1      | Reached XP level 2. HP: 16/20 MP: 5/7
   476 | D:1      | Reached skill level 1 in Transmutations
   571 | D:1      | Reached skill level 3 in Poison Magic
   663 | D:1      | Reached skill level 1 in Armour
  1066 | D:2      | Reached XP level 3. HP: 26/26 MP: 6/8
  1768 | D:2      | HP: 1/26 [poisoned by an adder]
  1776 | D:2      | Succumbed to an adder's poison

Illustrated notes

Levels and vault maps discovered:
D:1:      dpeg_arrival_connections, layout_basic, corner_web_ring
D:2:      layout_loops_corners

Skill      XL: |  1  2 |
---------------+-------+-----
Transmutations | 1 |  1.4
Dodging        | 2 |  2.0
Poison Magic   | 3 |  3.1
Armour         | 1 |  1.5
Spellcasting   | 2 |  2.1
Short Blades   | |  0.1
Maces & Flails | |  0.8
Stealth        | |  1.7
Shields        | |  0.2

Action                   || total
-------------------------++-------
Melee: Whip              ||    47
       Dagger            ||    17
       Club              ||    81
 Cast: Sting             ||    35
  Use: Scroll            ||     4
       Potion            ||     2
Armor: Scale mail        ||    67
       Ring mail         ||    36
Dodge: Dodged            ||   131
Block: Buckler           ||     7
